 Dungeon Crawl Stone Soup version 0.31-a0-765-g67fe2935dc (webtiles) character file.

Game seed: 14006982051048548951

679 pokeman the Thaumaturge (level 7, 0/39 HPs)
             Began as a Deep Elf Hedge Wizard on Sept 16, 2023.
             Was an Initiate of Vehumet.
             Killed by nerve-wracking pain
             ... invoked by a shadow imp
              (7 damage)
             ... on level 5 of the Dungeon.
             The game lasted 00:10:11 (4408 turns).

pokeman the Thaumaturge (Deep Elf Hedge Wizard)     Turns: 4408, Time: 00:10:12

Health: 0/39       AC:  2    Str:  7    XL:     7   Next: 34%
Magic:  8/20       EV: 13    Int: 21    God:    Vehumet [......]
Gold:   147        SH:  0    Dex: 14    Spells: 9/22 levels left

rFire   . . .        q - +0 dagger (venom)
rCold   . . .        (no shield)
rNeg    . . .        b - +0 robe
rPois   .            c - +0 hat
rElec   .            (no cloak)
rCorr   .            (no gloves)
SInv    .            (no boots)
Will    .....        (no amulet)
Stlth   +            (no ring)
HPRegen 0.26/turn    (no ring)
MPRegen 0.17/turn

%: no passive effects
@: confused, very slightly contaminated
A: no striking features
a: Renounce Religion


You were on level 5 of the Dungeon.
You worshipped Vehumet.
Vehumet was noncommittal.
You visited 2 branches of the dungeon, and saw 6 of its levels.

You collected 147 gold pieces.

Inventory:

Hand Weapons
 q - a +0 dagger of venom (weapon)
Armour
 b - a +0 robe (worn)
 c - a +0 hat (worn)
Wands
 a - a wand of quicksilver (11)
Scrolls
 f - 3 scrolls of identify {unknown}
 g - a scroll of revelation {unknown}
 i - a scroll of torment {unknown}
 j - 2 scrolls of amnesia {unknown}
 l - a scroll of teleportation {unknown}
 m - a scroll of noise {unknown}
Potions
 d - 2 potions of magic
 e - 3 potions of curing {unknown}
 h - a potion of invisibility {unknown}
 k - a potion of lignification {unknown}
 n - a potion of attraction {unknown}
 o - a potion of mutation {unknown}
 p - a potion of might {unknown}


   Skills:
 + Level 1.9 Fighting
 - Level 1.0 Armour
 - Level 3.1 Dodging
 - Level 3.2 Stealth
 * Level 8.1 Spellcasting
 + Level 3.9 Conjurations
 - Level 1.1 Summonings
 - Level 1.1 Translocations
 - Level 1.2 Transmutations
 - Level 1.1 Air Magic
 - Level 2.1 Poison Magic


You had 9 spell levels left.
You knew the following spells:

 Your Spells              Type           Power      Damage    Failure   Level
a - Magic Dart            Conj           100%       1d8       1%          1
b - Mephitic Cloud        Conj/Pois/Air  18%        N/A       9%          3
c - Call Imp              Summ           26%        N/A       8%          2
d - Blink                 Tloc           26%        N/A       8%          2
e - Irradiate             Conj/Tmut      9%         3d14      58%         5

Your spell library contained the following spells:

 Spells                   Type           Power      Damage    Failure   Level
 Wereblood                Tmut           13%        N/A       7%          2
 Slow                     Hex            32%        N/A       8%          1
 Cigotuvi's Dreadful Rot  Necr/Pois/Air  26%        N/A       8%          2
 Dazzling Flash           Conj/Hex       32%        N/A       11%         3
 Sublimation of Blood     Necr           8%         N/A       12%         2
 Petrify                  Tmut/Erth      11%        N/A       52%         4
 Silence                  Hex/Air        5%         N/A       86%         5
 Agony                    Necr           8%         N/A       91%         5
 Summon Hydra             Summ           6%         N/A       100%        7


Dungeon Overview and Level Annotations

Branches:
Dungeon (5/15)             Temple (1/1) D:4

Altars:
Ashenzari
Cheibriados
Dithmenos
Elyvilon
Gozag
Hepliaklqana
Makhleb
Qazlal
Ru
Trog
Uskayaw
Vehumet
Wu Jian
Xom
Zin
The Shining One

Shops:
D:2 :   D:3 =

Annotations:
D:4 2 transporters


Message History

The hound stops to sniff the ground.
The hound bites you. x2
* * * LOW HITPOINT WARNING * * *
There are monsters nearby!
Casting: Mephitic Cloud (dangerous; 9% risk of failure)
Confirm with . or Enter, or press ? or * to list all spells.
Aiming: Mephitic Cloud (dangerous; 9% risk of failure)
Press: ? - help, Shift-Dir - straight line, f/p - hound
Aim: a hound (chance to affect: 86%)
You miscast Mephitic Cloud.
Nothing appears to happen.
The hound bites you.
* * * LOW HITPOINT WARNING * * *
Casting: Mephitic Cloud (dangerous; 9% risk of failure)
Confirm with . or Enter, or press ? or * to list all spells.
Aiming: Mephitic Cloud (dangerous; 9% risk of failure)
Press: ? - help, Shift-Dir - straight line, f/p - hound
Aim: a hound (chance to affect: 86%)
The ball explodes into a vile cloud!
The stinking cloud engulfs the hound but does no damage.
The stinking cloud engulfs the shadow imp but does no damage.
The stinking cloud engulfs you but does no damage.
You are engulfed in noxious fumes.
You choke on the stench!
You are confused.
The hound is engulfed in noxious fumes.
The hound appears confused.
The hound is engulfed in noxious fumes.
The hound appears confused.
The hound closely misses you.
Unknown command.
You hit the hound.
The hound is poisoned.
The hound is lightly wounded.
You are engulfed in noxious fumes.
You choke on the stench!
You are more confused.
The hound is engulfed in noxious fumes.
The hound bites the orc.
Unknown command.
You bump into the rock wall.
The hound is engulfed in noxious fumes.
The hound appears confused.
The orc hits something with a +0 war axe.
Vehumet accepts your kill.
You feel a bit more experienced. The shadow imp gestures at you.
Pain shoots through your body!
You die...

#.#. ##.........
##...##..........
..!............#.
#.....#.:........
.................
#......o.)...#
..#...h5.....#
#....###○##..#...
..## #○@.......
####..#... .# ..
# .


You could see a hound (confused, very poisoned), a shadow imp and an orc
(confused).

Vanquished Creatures
  2 ogres (D:4)
  A phantom (D:4)
  A scorpion (D:4)
  A howler monkey (D:4)
  A hound (D:4)
  3 orc priests
  An iguana (D:4)
  2 orc wizards
  A gnoll (D:1)
  3 adders
  A worm (D:4)
  5 dart slugs
  13 orcs
  4 bats
  5 endoplasms
  5 giant cockroaches
  4 goblins
  7 hobgoblins
  4 jackals
  9 kobolds
  5 quokkas
  6 ball pythons
  3 frilled lizards
  5 rats
92 creatures vanquished.

Notes
Turn   | Place    | Note
-------+----------+-------------------------------------------
     0 | D:1      | pokeman the Deep Elf Hedge Wizard began the quest for the
                  | Orb.
     0 | D:1      | Reached XP level 1. HP: 10/10 MP: 7/7
   193 | D:1      | Reached XP level 2. HP: 15/15 MP: 5/9
   554 | D:1      | Found a faded altar of an unknown god.
   620 | D:1      | Reached skill level 5 in Spellcasting
   620 | D:1      | Reached XP level 3. HP: 20/20 MP: 5/11
   624 | D:1      | Learned a level 3 spell: Mephitic Cloud
   627 | D:1      | Learned a level 2 spell: Call Imp
   630 | D:1      | Learned a level 2 spell: Blink
  1109 | D:2      | Found a stormy altar of Qazlal.
  1183 | D:2      | Found Harox's Book Emporium.
  1458 | D:2      | Reached skill level 1 in Fighting
  1587 | D:2      | Reached skill level 1 in Armour
  1649 | D:2      | Reached XP level 4. HP: 21/25 MP: 1/13
  2156 | D:3      | You fall into a shaft and drop 1 floor!
  2228 | D:4      | Noticed an ogre
  2246 | D:4      | Killed an ogre
  2247 | D:4      | Reached skill level 6 in Spellcasting
  2247 | D:4      | Reached XP level 5. HP: 29/29 MP: 7/15
  2821 | D:3      | Reached skill level 1 in Poison Magic
  3152 | D:3      | Found Letun's Jewellery Boutique.
  3439 | D:4      | Noticed a phantom
  3460 | D:4      | Killed a phantom
  3461 | D:4      | Reached skill level 1 in Air Magic
  3461 | D:4      | Reached XP level 6. HP: 19/34 MP: 0/17
  3620 | D:4      | Found a transporter.
  3654 | D:4      | Reached skill level 7 in Spellcasting
  3736 | D:4      | Learned a level 5 spell: Irradiate
  3847 | D:4      | Found a staircase to the Ecumenical Temple.
  3857 | Temple   | Entered the Ecumenical Temple
  3863 | Temple   | Became a worshipper of Vehumet
  4105 | D:4      | Found a transporter.
  4173 | D:5      | Entered Level 5 of the Dungeon
  4192 | D:4      | Reached XP level 7. HP: 21/38 MP: 16/20
  4268 | D:4      | Reached skill level 1 in Transmutations
  4283 | D:4      | Reached skill level 8 in Spellcasting
  4408 | D:5      | Killed from afar by a shadow imp

Illustrated notes

Levels and vault maps discovered:
D:1:      eino_arrival_water_cross, layout_loops_cross,
          shapermc_ecumenical_altar_mp_urbaneastern
D:2:      minmay_general_purpose_star, layout_rooms, serial_shops,
          nicolae_book_shop_shelving, basic_altar, feat_on_display
D:3:      layout_basic, serial_shops, shop, nicolae_hexahallways
D:4:      layout_loops_ring, minmay_temple_entry_statues_pillars,
          gammafunk_ghost_gnarly_gnolls
D:5:      layout_loops_ring
Temple:   nicolae_temple_x_marks_the_god

Skill      XL: |  1  2  3  4  5  6  7 |
---------------+----------------------+-----
Spellcasting   | 5 6 7 8 |  8.1
Fighting       | 1 |  1.9
Armour         | 1 |  1.0
Conjurations   | 2 3 |  3.9
Dodging        | 3 |  3.1
Stealth        | 3 |  3.2
Poison Magic   | 1 2 |  2.1
Air Magic      | 1 |  1.1
Transmutations | 1 |  1.2
Summonings     | |  1.1
Translocations | |  1.1

Action                     |  1- 3 |  4- 6 |  7- 9 || total
---------------------------+-------+-------+-------++-------
  Melee: Dagger            |    32 |    88 |    19 ||   139
   Cast: Magic Dart        |    92 |   101 |     3 ||   196
         Mephitic Cloud    |       |     8 |     5 ||    13
         Blink             |       |     1 |     1 ||     2
         Call Imp          |       |       |     1 ||     1
   Stab: Sleeping          |     3 |     1 |       ||     4
         Confused          |       |     6 |     1 ||     7
 Armour: Robe              |    16 |    45 |    22 ||    83
  Dodge: Dodged            |    18 |    70 |    25 ||   113

Table legend: (Time is in decaauts)
 A = Elapsed time spent in this place.
 B = Non-inter-level travel time spent in this place.
 C = Inter-level travel time spent in this place.
 D = Time resting spent in this place.
 E = Time spent auto-exploring this place.
 F = Levels seen in this place.
 G = Mean time per level.
                   A        B        C        D        E       F      G
               +--------+--------+--------+--------+--------+-----+--------+
         Total |   4408 |   4287 |    121 |     69 |   3568 |   6 |  734.7 |
       Dungeon |   4395 |   4279 |    116 |     69 |   3568 |   5 |  879.0 |
        Temple |     12 |      7 |      5 |      0 |      0 |   1 |   12.0 |
               +--------+--------+--------+--------+--------+-----+--------+

Top non-repeatable levels by time:
     D:4: 1284 daAuts
     D:3: 1133 daAuts
     D:1: 1035 daAuts
     D:2: 917 daAuts
     D:5: 24 daAuts
  Temple: 12 daAuts
